 Dungeon Crawl Stone Soup version 0.19.5 (webtiles) character file.

191 JeffiDaFish the Shield-Bearer (level 5, -2/33 HPs)
             Began as a Gargoyle Fighter on Sept 4, 2017.
             Slain by michaelg83's ghost (12 damage)
             ... on level 3 of the Dungeon.
             The game lasted 00:08:21 (2483 turns).

JeffiDaFish the Shield-Bearer (Gargoyle Fighter)    Turns: 2483, Time: 00:08:22

Health: -2/33      AC: 13    Str: 20    XL:     5   Next: 70%
Magic:  5/5        EV:  5    Int:  8    God:
Gold:   116        SH:  9    Dex: 10    Spells: 0 memorised, 4 levels left

rFire  . . .     SeeInvis .     a - +0 flail
rCold  . . .     Gourm    .     g - +0 chain mail (curse)
rNeg   + . .     Faith    .     c - +0 shield
rPois  ∞         Spirit   .     (no helmet)
rElec  +         Reflect  .     (no cloak)
rCorr  .         Harm     .     (no gloves)
MR     .....                    (no boots)
Stlth  ..........               (no amulet)
                                (no ring)
                                (no ring)

@: no status effects
A: negative energy resistance 1, electricity resistance, unbreathing,
petrification resistance, rot immunity, AC +4
a: no special abilities


You were on level 3 of the Dungeon.
You were not hungry.

You visited 1 branch of the dungeon, and saw 3 of its levels.

You collected 116 gold pieces.

Inventory:

Hand Weapons
 a - a +0 flail (weapon)
Armour
 c - a +0 shield (worn)
 g - a cursed +0 chain mail (worn)
Scrolls
 d - a scroll of fog
 i - a scroll of magic mapping
 l - 2 scrolls of identify
Potions
 e - a potion of curing
 m - a potion of heal wounds
Comestibles
 b - 6 chunks of flesh
 f - 2 bread rations
 h - 8 fruits
 j - a slice of pizza
 k - 2 meat rations


   Skills:
 + Level 4.2 Fighting
 + Level 3.3 Maces & Flails
 + Level 4.1 Armour
 + Level 0.5 Dodging
 + Level 4.5 Shields


You had 4 spell levels left.
You didn't know any spells.

Dungeon Overview and Level Annotations

Branches:
Dungeon (3/15)

Altars:
Cheibriados
Qazlal
Trog

Annotations:
D:3 michaelg83's ghost, amateur HOFi


Innate Abilities, Weirdness & Mutations

You are resistant to torment.
Your stone body is resilient. (AC +4)
You are immune to poison.
You resist negative energy. (rN+)
You are resistant to electric shocks. (rElec)
You can survive without breathing.
You are immune to petrification.
You are immune to rotting.


Message History

You block michaelg83's ghost's attack. The orc hits you but does no damage.
You barely miss michaelg83's ghost.
Michaelg83's ghost is heavily damaged.
Michaelg83's ghost hits you. You block the orc's attack.
Michaelg83's ghost hits you but does no damage.
You hit michaelg83's ghost but do no damage.
Michaelg83's ghost is heavily damaged.
The orc hits you but does no damage. Michaelg83's ghost hits you.
Your shield and chain mail prevent you from hitting michaelg83's ghost.
Michaelg83's ghost is heavily damaged.
The orc hits you but does no damage.
Michaelg83's ghost hits you but does no damage.
The orc hits you but does no damage.
You hit michaelg83's ghost.
Michaelg83's ghost is severely damaged.
You block michaelg83's ghost's attack. x2; The orc hits you but does no damage.
Your chain mail prevents you from hitting michaelg83's ghost.
Michaelg83's ghost is heavily damaged.
Michaelg83's ghost hits you!
You die...

#......# #......# ..
.. ......># ###.#
!<#. ######.#
..#.##.#.. # #.#
#######.#'#.... # #.#
...........%.###
######.#
................
.......#
).....Wo........
#####..# #@.(.#
#####..#########....+
................>...#
.####..##########...#
.# #..# #...# .# #..#
#...# .# #..# ......
.# #..# #####.# .#
#..# .#


You could see michaelg83's ghost and an orc.

Vanquished Creatures
  A worker ant (D:3)
  4 adders
  3 gnolls
  4 worms
  4 dart slugs
  A leopard gecko (D:3)
  2 orcs
  A ball python (D:2)
  5 giant cockroaches
  10 hobgoblins
  6 jackals
  7 kobolds
  6 bats
  5 frilled lizards
  10 goblins
  13 rats
82 creatures vanquished.

Notes
Turn   | Place    | Note
-------+----------+-------------------------------------------
     0 | D:1      | JeffiDaFish the Gargoyle Fighter began the quest for the Orb.
     0 | D:1      | Reached XP level 1. HP: 14/14 MP: 1/1
   197 | D:1      | Reached XP level 2. HP: 19/19 MP: 2/2
   516 | D:1      | Reached XP level 3. HP: 23/23 MP: 3/3
  1195 | D:2      | Found a snail-covered altar of Cheibriados.
  1222 | D:2      | Reached XP level 4. HP: 8/29 MP: 4/4
  1706 | D:2      | Noticed a moth of wrath
  1708 | D:2      | Found a bloodstained altar of Trog.
  1849 | D:2      | Reached XP level 5. HP: 29/33 MP: 5/5
  2242 | D:3      | Found a faded altar of an unknown god.
  2343 | D:3      | Found a stormy altar of Qazlal.
  2471 | D:3      | Noticed michaelg83's ghost (amateur HOFi)
  2483 | D:3      | Slain by michaelg83's ghost

Skill      XL: |  1  2  3  4 |
---------------+-------------+-----
Shields        | 4 |  4.5
Armour         | 4 |  4.1
Fighting       | 4 |  4.2
Maces & Flails | 3 |  3.3
Dodging        | |  0.5

Action                   |  1- 3 |  4- 6 || total
-------------------------+-------+-------++-------
Melee: Flail             |   151 |   166 ||   317
  Use: Scroll            |     4 |     2 ||     6
       Potion            |     5 |     2 ||     7
  Eat: Chunk             |     1 |     5 ||     6
Armor: Scale mail        |    68 |       ||    68
       Chain mail        |    72 |   124 ||   196
Dodge: Dodged            |    73 |    45 ||   118
Block: Shield            |   107 |   122 ||   229
